 Seeded DCSS version 0.29-a0-1033-gb6c65ffae6 (webtiles) character file.

Game seed: 4365790799575394022 (custom seed)

36 purpskrrrp the Trooper (level 3, 0/29 HPs)
             Began as a Demonspawn Abyssal Knight on Aug 15, 2022.
             Was a Priest of Lugonu.
             Succumbed to an adder's poison
             ... on level 2 of the Dungeon.
             The game lasted 00:02:19 (1401 turns).

purpskrrrp the Trooper (Demonspawn Abyssal Knight)  Turns: 1401, Time: 00:02:20

Health: 0/29       AC:  3    Str: 13    XL:     3   Next: 19%
Magic:  5/5        EV: 12    Int: 11    God:    Lugonu [***...]
Gold:   15         SH:  0    Dex: 15    Spells: 2/2 levels left

rFire   . . .      SeeInvis .   a - +1 falchion
rCold   . . .      Faith    .   (no shield)
rNeg    . . .      Spirit   .   (no body armour)
rPois   +          Reflect  .   (no helmet)
rElec   .          Harm     .   g - +0 cloak
rCorr   .          Rampage  .   (no gloves)
Will    .....                   (no boots)
Stlth   +.........              (no amulet)
HPRegen 0.09/turn               d - ring of poison resistance
MPRegen 0.09/turn               (no ring)

@: lethally poisoned (0 -> -8)
A: thin metallic scales 1, weakness stinger 1
a: Renounce Religion, Depart the Abyss, Bend Space, Banish


You were on level 2 of the Dungeon.
You worshipped Lugonu.
Lugonu was most pleased with you.
You visited 1 branch of the dungeon, and saw 2 of its levels.
You visited the Abyss 1 time.

You collected 15 gold pieces.

Inventory:

Hand Weapons
 a - a +1 falchion (weapon)
Armour
 b - a +0 leather armour
 e - a +0 ring mail
 g - a +0 cloak (worn)
Jewellery
 d - a ring of poison resistance (left hand)
Scrolls
 f - 2 scrolls of teleportation {unknown}
 h - a scroll of enchant armour {unknown}
 i - a scroll of identify {unknown}
Potions
 c - a potion of curing {unknown}


   Skills:
 + Level 3.3 Fighting
 + Level 2.1 Long Blades
 + Level 2.1 Armour
 + Level 1.4 Dodging
 + Level 3.0 Invocations


You had 2 spell levels left.
You didn't know any spells.
Your spell library contained the following spells:

 Spells                   Type           Power      Damage    Failure   Level
 Shock                    Conj/Air       0%         1d3       34%         1
 Swiftness                Air            0%         N/A       71%         3
 Airstrike                Air            0%         2d(0-16)  98%         4


Dungeon Overview and Level Annotations

Branches:
Dungeon (2/15)

Altars:

Shops:
D:1 [


Innate Abilities, Weirdness & Mutations

You are partially covered in thin metallic scales. (AC +2)
You have a small tail.


Message History

You are too injured to fight recklessly!
You are too injured to fight recklessly!
You are too injured to fight recklessly!
You are too injured to fight recklessly!
You are too injured to fight recklessly!
You are too injured to fight recklessly!
You are too injured to fight recklessly!
You are too injured to fight recklessly!
Unknown command.
The adder attacks as you move away! The adder barely misses you.
The endoplasm misses you. The adder misses you. The adder barely misses you.
The adder attacks as you move away! The adder bites you.
* * * LOW HITPOINT WARNING * * *
You hit the adder.
The adder is moderately wounded.
The adder barely misses you. The adder closely misses you.
You barely miss the adder.
The adder is moderately wounded.
The adder closely misses you.
You barely miss the adder.
The adder is moderately wounded.
The adder bites you.
* * * LOW HITPOINT WARNING * * *
You are poisoned.
The adder poisons you! The adder barely misses you.
You barely miss the adder.
The adder is moderately wounded.
* * * LOW HITPOINT WARNING * * *
You feel sick. The adder bites you.
* * * LOW HITPOINT WARNING * * *
You are more poisoned.
The adder poisons you!
Unknown command.
Unknown command.
Unknown command.
You slash the adder!
The adder is almost dead.
You die...

#. #. #. #. #. . ###.
...#...##############
#........JS@........#
........###########.#
#.._.....# #.#
#...!.....####### #.#
#.....>...#.....# #<#
###.......#.###.###)######
##.....##.# #..........#
#....###.########.###.#
#.#.## #....# #.# #.#


You could see an adder and an endoplasm.

Vanquished Creatures
  2 bats (D:1)
  2 endoplasms
  A giant cockroach (D:1)
  5 goblins (D:1)
  4 hobgoblins (D:1)
  5 kobolds
  A quokka (D:1)
  3 ball pythons (D:1)
  3 frilled lizards (D:1)
  9 rats (D:1)
35 creatures vanquished.

Notes
Turn   | Place    | Note
-------+----------+-------------------------------------------
     0 | Abyss:1  | purpskrrrp the Demonspawn Abyssal Knight began the quest
                  | for the Orb.
     0 | Abyss:1  | Reached XP level 1. HP: 18/18 MP: 2/2
     1 | D:1      | Escaped the Abyss
    37 | D:1      | Reached skill level 1 in Dodging
   188 | D:1      | Gained mutation: You have a small tail. [demonic ancestry]
   188 | D:1      | Reached XP level 2. HP: 24/24 MP: 4/4
   307 | D:1      | Found Jauteuqu's Antique Armour Boutique.
  1105 | D:1      | Gained mutation: You are partially covered in thin metallic
                  | scales. (AC +2) [demonic ancestry]
  1105 | D:1      | Reached XP level 3. HP: 29/29 MP: 5/5
  1340 | D:2      | Reached *** piety under Lugonu
  1383 | D:2      | Found a faded altar of an unknown god.
  1401 | D:2      | Succumbed to an adder's poison

Illustrated notes

Levels and vault maps discovered:
D:1:      onia_arrival_pyramid, layout_loops_ring, serial_shops,
          nicolae_shop_overgrown_old_shop
D:2:      layout_loops_ring, serial_shops, nicolae_shop_waterfront,
          ebering_ecumenical_altar_sacrificial

Skill      XL: |  1  2 |
---------------+-------+-----
Dodging        | 1 |  1.4
Armour         | 2 |  2.1
Long Blades    | 2 |  2.1
Invocations    | 3 |  3.0
Fighting       | |  3.3

Action                   || total
-------------------------++-------
Melee: Falchion          ||    75
       Tailslap          ||     7
 Stab: Sleeping          ||     2
Armor: Leather armour    ||     2
       Skin              ||     2
Dodge: Dodged            ||    46

Table legend: (Time is in decaauts)
 A = Elapsed time spent in this place.
 B = Non-inter-level travel time spent in this place.
 C = Inter-level travel time spent in this place.
 D = Time resting spent in this place.
 E = Time spent auto-exploring this place.
 F = Levels seen in this place.
 G = Mean time per level.
                   A        B        C        D        E       F      G
               +--------+--------+--------+--------+--------+-----+--------+
         Total |   1414 |   1395 |     19 |      0 |   1187 |   3 |  471.3 |
       Dungeon |   1413 |   1394 |     19 |      0 |   1187 |   2 |  706.5 |
         Abyss |      1 |      1 |      0 |      0 |      0 |   1 |    1.0 |
               +--------+--------+--------+--------+--------+-----+--------+

Top non-repeatable levels by time:
     D:1: 1286 daAuts
     D:2: 127 daAuts
 Abyss:1: 1 daAuts
